 Dungeon Crawl Stone Soup version 0.20-a0-151-g755e310 (webtiles) character file.

107 Krakonus1 the Skirmisher (level 4, 0/35 HPs)
             Began as a Demonspawn Chaos Knight on Nov 22, 2016.
             Slain by a worm (5 damage)
             ... on level 3 of the Dungeon.
             The game lasted 00:16:12 (2246 turns).

Krakonus1 the Skirmisher (Demonspawn Chaos Knight)  Turns: 2246, Time: 00:16:14

Health: 0/35       AC:  6    Str: 14    XL:     4   Next: 57%
Magic:  4/4        EV:  7    Int: 13    God:    Xom [....*.]
Gold:   128        SH: 11    Dex: 12    Spells: 3/3 levels left

rFire  . . .     SeeInvis +     a - +0 falchion (chaos)
rCold  . . .     Gourm    .     b - +2 leather armour
rNeg   . . .     Faith    .     d - +0 large shield
rPois  .         Spirit   .     (no helmet)
rElec  +         Reflect  .     m - +2 cloak
rCorr  .         Harm     .     (no gloves)
MR     .....                    (no boots)
Stlth  +.........               (no amulet)
                                (no ring)
                                (no ring)

@: drained
A: talons 1, see invisible, blink, deformed body, demonic guardian 1,
electricity resistance, wild magic 1
a: Blink, Renounce Religion


You were on level 3 of the Dungeon.
You worshipped Xom.
You were a beloved toy of Xom.
You were not hungry.

You visited 1 branch of the dungeon, and saw 3 of its levels.

You collected 128 gold pieces.

Inventory:

Hand Weapons
 a - a +0 falchion of chaos (weapon)
 e - a +0 hand axe
 g - a +0 club
 r - a +0 short sword
 w - a +0 falchion
 x - a +0 club
 y - a +0 club
Missiles
 f - 48 stones (quivered)
 j - 2 large rocks
 k - 6 needles of paralysis
 o - 15 arrows
Armour
 b - a +2 leather armour (worn)
 d - a +0 large shield (worn)
 i - a +0 ring mail
 m - a +2 cloak (worn)
 p - a +0 robe
 t - a +0 cloak
 v - a +0 ring mail
Scrolls
 h - 4 scrolls of identify
 s - a scroll of remove curse
Comestibles
 c - a bread ration
 l - a chunk of flesh
 n - 2 meat rations
 q - a royal jelly
 u - a beef jerky
 z - 3 inedible chunks of flesh


   Skills:
 + Level 3.3(3.0) Fighting
 + Level 3.2(3.0) Long Blades
 + Level 2.4(2.1) Armour
 + Level 1.6(1.3) Dodging
 + Level 0.2(0.0) Stealth
 + Level 2.1(1.8) Shields


You had 3 spell levels left.
You didn't know any spells.

Dungeon Overview and Level Annotations

Branches:
Dungeon (3/15)

Altars:
Dithmenos


Innate Abilities, Weirdness & Mutations

You have sharp toenails.
A weak demonic guardian rushes to your aid.
You have supernaturally acute eyesight. (SInv)
You can translocate small distances at will.
Armour fits poorly on your strangely shaped body.
You are resistant to electric shocks. (rElec)
Your spells are a little harder to cast, but a little more powerful.


Message History

Your shield prevents you from hitting the worm.
You claw the worm, but do no damage. You block the bat's attack.
The worm closely misses you. You block the bat's attack. x2
You miss the bat.
You block the bat's attack. x2; The worm bites you!
* * * LOW HITPOINT WARNING * * *
Wield which item (- for none, * to show all)? (? for menu, Esc to quit)
y - a +0 club (weapon)
You block the bat's attack. You block the worm's attack.
Wield which item (- for none, * to show all)? (? for menu, Esc to quit)
Your +0 falchion of chaos is briefly surrounded by a scintillating aura of random colours.
a - a +0 falchion of chaos (weapon)
The bat hits you but does no damage. x2
You completely miss the bat. You block the bat's attack.
The bat closely misses you.
You riposte.
You hit the bat.
The bat's body glows momentarily.
Your kick misses the bat.
The bat is moderately wounded.
The worm bites you.
You die... "It's all fun and games until someone loses an eye."

#####...#.##.#
#......# ##..
#.##...# .. ##...# .
#....# ..... #..#.#
..#.# #..#.##+###
#.#.#####
.#####w...$..#
#........
......b@b....#
#........
.##.##.......#
#........ #
#.......###........
...................
#........†..........
#............#.#####
#.##....#......# #.
#.##........###
####.......#


You could see a worm and 2 bats.

Vanquished Creatures
  4 adders (D:2)
  An ooze (D:2)
  A worm (D:2)
  2 dart slugs (D:2)
  5 bats
  4 hobgoblins
  4 jackals (D:2)
  4 kobolds
  5 frilled lizards
  5 goblins
  2 rats
37 creatures vanquished.

Vanquished Creatures (collateral kills)
  Jessica (D:2)
  An adder (D:2)
2 creatures vanquished.

Vanquished Creatures (others)
  A kobold (D:2)
1 creature vanquished.

Grand Total: 40 creatures vanquished

Notes
Turn   | Place    | Note
-------+----------+-------------------------------------------
     0 | D:1      | Krakonus1 the Demonspawn Chaos Knight began the quest for the Orb.
     0 | D:1      | Reached XP level 1. HP: 18/18 MP: 1/1
   192 | D:1      | Reached skill level 1 in Dodging
   283 | D:1      | XOM: harmless Tmut miscast
   681 | D:1      | Gained mutation: A weak demonic guardian rushes to your aid. [demonic ancestry]
   681 | D:1      | Reached XP level 2. HP: 24/24 MP: 2/2
   907 | D:2      | XOM: potion effect (might)
   976 | D:2      | XOM: draining
  1183 | D:2      | Noticed Jessica
  1186 | D:2      | XOM: potion effect (invisibility)
  1187 | D:2      | Killed Jessica
  1187 | D:2      | Gained mutation: You have sharp toenails. [demonic ancestry]
  1187 | D:2      | Reached XP level 3. HP: 25/29 MP: 3/3
  1203 | D:2      | Reached skill level 1 in Shields
  1283 | D:2      | XOM: summons 2 friendly demons
  1295 | D:2      | Reached XP level 4. HP: 28/35 MP: 4/4
  1561 | D:2      | XOM: polymorph bat -> dart slug
  1955 | D:2      | XOM: give mutations
  1955 | D:2      | Gained mutation: Your spells are a little harder to cast, but a little more powerful. [Xom's mischief]
  1955 | D:2      | Gained mutation: Scrolls take you a little longer to read. [Xom's mischief]
  1955 | D:2      | Gained mutation: Armour fits poorly on your strangely shaped body. [Xom's mischief]
  2100 | D:2      | XOM: give mutations
  2100 | D:2      | Lost mutation: Scrolls take you a little longer to read. [Xom's grace]
  2100 | D:2      | Gained mutation: You have supernaturally acute eyesight. (SInv) [Xom's grace]
  2100 | D:2      | Gained mutation: You are resistant to electric shocks. (rElec) [Xom's grace]
  2100 | D:2      | Gained mutation: You can translocate small distances at will. [Xom's grace]
  2161 | D:3      | Found a shadowy altar of Dithmenos.
  2193 | D:3      | XOM: noise
  2213 | D:3      | XOM: 2-stop teleportation journey
  2246 | D:3      | Slain by a worm

Vault maps used:
D:1:      noname_arrival_rooms_in_the_neighbourhood, dk_noncrumbling_3
D:2:      uniq_jessica
D:3:      first_bread, grunt_dithmenos_smoke_and_mirrors

Skill      XL: |  1  2  3  4 |
---------------+-------------+-----
Dodging        | 1 |  1.6
Long Blades    | 3 |  3.2
Armour         | 2 |  2.4
Shields        | 1 2 |  2.1
Fighting       | |  3.3
Stealth        | |  0.2

Action                   |  1- 3 |  4- 6 || total
-------------------------+-------+-------++-------
Melee: Falchion          |   104 |    60 ||   164
       Kick              |     2 |    24 ||    26
       Club              |       |    35 ||    35
Throw: Stone             |     3 |       ||     3
 Abil: Blink             |       |     9 ||     9
  Use: Scroll            |     3 |     1 ||     4
       Potion            |     2 |     1 ||     3
 Stab: Invisible         |     5 |       ||     5
       Sleeping          |       |     1 ||     1
  Eat: Chunk             |     1 |     4 ||     5
Armor: Leather armour    |    80 |    51 ||   131
       Skin              |     1 |       ||     1
Dodge: Dodged            |    47 |    41 ||    88
Block: Large shield      |    83 |   104 ||   187
       Rpst.: Falchion   |    15 |     9 ||    24
